 Dungeon Crawl Stone Soup version 0.31-a0-214-gb37851dbb3 (webtiles) character file.

Game seed: 17902796842928719383

1080 qw the Skirmisher (level 8, 0/49 HPs)
             Began as a Gargoyle Hexslinger on July 1, 2023.
             Slain by Pikel
             ... wielding a +1 whip of freezing
              (1 damage)
             ... on level 5 of the Dungeon.
             The game lasted 00:02:34 (4520 turns).

qw the Skirmisher (Gargoyle Hexslinger)             Turns: 4520, Time: 00:02:34

Health: 0/49       AC: 11    Str: 12    XL:     8   Next: 29%
Magic:  9/9        EV: 12    Int: 14    God:
Gold:   273        SH:  0    Dex: 14    Spells: 8/9 levels left

rFire   . . .        Y - +1 sling
rCold   . . .        (no shield)
rNeg    + . .        d - +2 robe {Will+}
rPois   inf          (no helmet)
rElec   +            (no cloak)
rCorr   .            (no gloves)
SInv    .            (no boots)
Will    ++...        (no amulet)
Stlth   +            (no ring)
HPRegen 0.28/turn    (no ring)
MPRegen 0.11/turn

%: random rage (3%)
@: no status effects
A: sickness immunity, AC +5, negative energy resistance 1, electricity
resistance, torment resistance 1, petrification resistance, iridescent scales 1,
berserk 1, strong-willed 1
a: no special abilities


You were on level 5 of the Dungeon.
You visited 1 branch of the dungeon, and saw 5 of its levels.

You collected 273 gold pieces.


Innate Abilities, Weirdness & Mutations

You are immune to sickness and miasma.
Your stone body is resilient. (AC +5)
You are immune to poison.
You resist negative energy. (rN+)
You are resistant to electric shocks. (rElec)
You are resistant to unholy torment.
You are immune to petrification.
You are partially covered in iridescent scales. (AC +2)
You sometimes lose your temper in combat.
You are strong-willed. (Will+)


   Skills:
 - Level 5.1 Fighting
 + Level 8.3 Ranged Weapons
 - Level 2.0 Dodging
 - Level 1.0 Spellcasting
 - Level 2.6 Hexes


You had 8 spell levels left.
You knew the following spells:

 Your Spells              Type           Power      Damage    Failure   Level
a - Slow                  Hex            32%        N/A       9%          1

Your spell library contained the following spells:

 Spells                   Type           Power      Damage    Failure   Level
 Inner Flame              Hex/Fire       4%         N/A       41%         3
 Portal Projectile        Hex/Tloc       8%         N/A       41%         3
 Cause Fear               Hex            4%         N/A       65%         4

Inventory:

Hand Weapons
 Y - a +1 sling (weapon)
Armour
 d - a +2 robe of willpower (worn)
Jewellery
 e - a ring of ice
Wands
 a - a wand of digging (6)
Scrolls
 g - a scroll of identify
Potions
 b - a potion of degeneration {unknown}
 c - a potion of ambrosia {unknown}
 f - a potion of haste {unknown}
 i - a potion of resistance {unknown}

Dungeon Overview and Level Annotations

Branches:
Dungeon (5/15)
 Temple: D:4-7

Altars:
Kikubaaqudgha
Makhleb
Sif Muna
Trog
Vehumet
Wu Jian

Shops:
D:4 :

Annotations:
D:3 2 transporters
D:5 Pikel


Message History

Pikel says, "You'll feel the lick of my whip!"
Pikel hits you but does no damage.
You shoot a sling bullet. The sling bullet hits Pikel.
Pikel is lightly wounded.
You shoot a sling bullet.
The sling bullet hits Pikel but does no damage.
Pikel is lightly wounded.
Pikel closely misses you.
You shoot a sling bullet. The sling bullet closely misses Pikel.
Pikel hits you but does no damage.
You shoot a sling bullet. The sling bullet barely misses Pikel.
Pikel barely misses you.
You shoot a sling bullet. The sling bullet closely misses Pikel.
Pikel hits you with a +1 whip of freezing.
Pikel freezes you.
You shoot a sling bullet. The sling bullet misses Pikel.
Pikel hits you but does no damage.
You shoot a sling bullet. The sling bullet misses Pikel.
Pikel closely misses you.
You shoot a sling bullet. The sling bullet hits Pikel.
Pikel is moderately wounded.
Pikel barely misses you.
You shoot a sling bullet. The sling bullet hits Pikel!
Pikel is heavily wounded.
Pikel hits you but does no damage.
You shoot a sling bullet. The sling bullet closely misses Pikel.
Pikel hits you but does no damage.
You shoot a sling bullet.
The sling bullet hits Pikel but does no damage.
Pikel is heavily wounded.
Pikel barely misses you.
You shoot a sling bullet. The sling bullet misses Pikel.
Pikel misses you.
You shoot a sling bullet. The sling bullet barely misses Pikel.
Pikel barely misses you.
You shoot a sling bullet. The sling bullet hits Pikel.
Pikel is heavily wounded.
Pikel hits you with a +1 whip of freezing.
Pikel freezes you.
You die...

#.#.........
..#.############ .#
###.#..........# .#
..........####.# .#
....#.##.## #.# 5#
....#.##.# #.# 5#
%...#.##.# #.# 5#
....#.##.#####.##K###
....#.##........@...#
....#.########.##.###
....... .... .#
...##.# ######.#
...##.# .. ##


You could see Pikel and 3 lemures.

Vanquished Creatures
  A lemure (D:5)
  4 kobold brigands (D:4)
  Blork the orc (D:5)
  2 scorpions
  2 hounds
  2 orc priests
  An iguana (D:5)
  Jessica (D:2)
  An orc wizard (D:5)
  A sleepcap (D:4)
  Natasha (thrice) (D:2)
  12 gnolls
  5 adders
  A shadow imp (D:5)
  A white imp (D:5)
  A worm (D:2)
  6 dart slugs
  7 orcs
  7 endoplasms
  4 giant cockroaches
  5 goblins
  9 hobgoblins
  6 jackals
  37 kobolds
  2 quokkas
  5 ball pythons
  7 bats
  2 frilled lizards
  5 rats
141 creatures vanquished.

Notes
Turn   | Place    | Note
-------+----------+-------------------------------------------
     0 | D:1      | qw the Gargoyle Hexslinger began the quest for the Orb.
     0 | D:1      | Reached XP level 1. HP: 12/12 MP: 2/2
     0 | D:1      | 0 ||| qw: Version: 0.3-a-32-g5962c71
     0 | D:1      | 0 ||| qw: Game counter: 7620
     0 | D:1      | 0 ||| qw: Melee chars always use a shield: true
     0 | D:1      | 0 ||| qw: God list: Okawaru
     0 | D:1      | 0 ||| qw: Allow faded altars: false
     0 | D:1      | 0 ||| qw: Do Orc after clearing Dungeon:15 true
     0 | D:1      | 0 ||| qw: Do second Lair branch before Depths: true
     0 | D:1      | 0 ||| qw: Lair rune preference: random
     0 | D:1      | 0 ||| qw: Goals: Normal
     0 | D:1      | 0 ||| PLANNING D:1-11
    94 | D:1      | Reached skill level 3 in Ranged Weapons
    94 | D:1      | Reached XP level 2. HP: 16/16 MP: 3/3
   174 | D:1      | Reached XP level 3. HP: 21/21 MP: 4/4
   420 | D:1      | 420 ||| UPGRADING to +2 robe of willpower.
   430 | D:1      | 430 ||| DROPPING +0 robe.
   431 | D:1      | 431 ||| READING 2 scrolls labelled MUKIGE AFIL.
   436 | D:1      | 436 ||| READING scroll labelled ZOYPEKHADIS.
   437 | D:1      | 437 ||| READING scroll labelled NEOCKU GEXA.
   438 | D:1      | 438 ||| DROPPING scroll of poison.
   532 | D:2      | Found a bloodstained altar of Trog.
   671 | D:2      | Reached skill level 4 in Ranged Weapons
   671 | D:2      | Reached XP level 4. HP: 26/26 MP: 5/5
   748 | D:2      | Noticed Natasha
   749 | D:2      | 749 ||| Stepping ~*~*~tactically~*~*~ (outnumbered).
   758 | D:2      | Killed Natasha
   758 | D:2      | Noticed Natasha
   768 | D:2      | Killed Natasha
   769 | D:2      | Reached XP level 5. HP: 21/30 MP: 6/6
   868 | D:2      | Noticed Jessica
   874 | D:2      | Killed Jessica
   875 | D:2      | Reached skill level 5 in Ranged Weapons
  1079 | D:2      | Noticed Natasha
  1080 | D:2      | 1080 ||| FLEEEEING.
  1086 | D:2      | 1086 ||| FLEEEEING.
  1087 | D:2      | 1087 ||| FLEEEEING.
  1088 | D:2      | 1088 ||| FLEEEEING.
  1091 | D:2      | Killed Natasha
  1118 | D:2      | 1118 ||| READING scroll labelled COYNTA VOOHE.
  1231 | D:3      | Found a radiant altar of Vehumet.
  1231 | D:3      | Found an ancient bone altar of Kikubaaqudgha.
  1237 | D:3      | Found a shimmering blue altar of Sif Muna.
  1385 | D:3      | Reached skill level 3 in Fighting
  1453 | D:3      | Found a transporter.
  1574 | D:3      | Found a transporter.
  1841 | D:3      | 1841 ||| DROPPING amulet of magic regeneration.
  1941 | D:4      | Noticed a kobold brigand
  1946 | D:4      | 1946 ||| Stepping ~*~*~tactically~*~*~ (outnumbered).
  1958 | D:4      | Killed a kobold brigand
  1959 | D:4      | Reached XP level 6. HP: 36/37 MP: 7/7
  2036 | D:4      | HP: 8/37 [gnoll/+0 spear (3)]
  2037 | D:4      | 2037 ||| READING 3 scrolls of teleportation.
  2179 | D:4      | Reached skill level 6 in Ranged Weapons
  2330 | D:4      | Reached XP level 7. HP: 13/44 MP: 8/8
  2489 | D:4      | HP: 11/44 [gnoll/+0 club (1)]
  2490 | D:4      | 2490 ||| READING 2 scrolls of teleportation.
  2494 | D:4      | 2494 ||| FLEEEEING.
  2495 | D:4      | 2495 ||| FLEEEEING.
  2496 | D:4      | 2496 ||| FLEEEEING.
  2497 | D:4      | 2497 ||| FLEEEEING.
  2498 | D:4      | 2498 ||| FLEEEEING.
  2499 | D:4      | 2499 ||| FLEEEEING.
  2500 | D:4      | 2500 ||| FLEEEEING.
  2501 | D:4      | 2501 ||| FLEEEEING.
  2502 | D:4      | 2502 ||| FLEEEEING.
  2503 | D:4      | 2503 ||| FLEEEEING.
  2504 | D:4      | 2504 ||| FLEEEEING.
  2506 | D:4      | 2506 ||| FLEEEEING.
  2507 | D:4      | 2507 ||| FLEEEEING.
  2508 | D:4      | 2508 ||| FLEEEEING.
  2509 | D:4      | 2509 ||| STAIRDANCE
  2615 | D:3      | 2615 ||| READING scroll labelled HAACVOECIME.
  2662 | D:4      | Found a burning altar of Makhleb.
  2771 | D:4      | 2771 ||| FLEEEEING.
  2772 | D:4      | 2772 ||| FLEEEEING.
  2773 | D:4      | 2773 ||| FLEEEEING.
  2774 | D:4      | 2774 ||| FLEEEEING.
  2775 | D:4      | 2775 ||| FLEEEEING.
  2776 | D:4      | 2776 ||| FLEEEEING.
  2783 | D:4      | 2783 ||| STAIRDANCE
  3020 | D:4      | Found Gisoomui's Book Emporium.
  3204 | D:4      | Reached skill level 7 in Ranged Weapons
  3214 | D:4      | HP: 2/44 [gnoll/+0 halberd (13)]
  3215 | D:4      | 3215 ||| READING scroll of teleportation.
  3225 | D:4      | 3225 ||| FLEEEEING.
  3226 | D:4      | 3226 ||| FLEEEEING.
  3229 | D:4      | 3229 ||| STAIRDANCE
  3378 | D:4      | 3378 ||| STAIRDANCE
  3521 | D:4      | Found an ornate altar of the Wu Jian Council.
  3661 | D:4      | HP: 11/44 [kobold brigand/+0 dagger (4)]
  4022 | D:4      | 4022 ||| DRINKING 2 fizzy silvery potions.
  4022 | D:4      | Gained mutation: You are agile. (Dex +4, Str/Int -1)
                  | [potion of mutation]
  4022 | D:4      | Gained mutation: You sometimes lose your temper in combat.
                  | [potion of mutation]
  4022 | D:4      | Gained mutation: You are somewhat resistant to further
                  | mutation. [potion of mutation]
  4023 | D:4      | 4023 ||| DRINKING potion of mutation.
  4023 | D:4      | Lost mutation: You are somewhat resistant to further
                  | mutation. [potion of mutation]
  4023 | D:4      | Lost mutation: You are agile. (Dex +4, Str/Int -1) [potion
                  | of mutation]
  4023 | D:4      | Gained mutation: You are strong-willed. (Will+) [potion of
                  | mutation]
  4023 | D:4      | Gained mutation: You are partially covered in iridescent
                  | scales. (AC +2) [potion of mutation]
  4058 | D:5      | Entered Level 5 of the Dungeon
  4063 | D:5      | Reached XP level 8. HP: 48/48 MP: 9/9
  4066 | D:5      | 4066 ||| Stepping ~*~*~tactically~*~*~ (outnumbered).
  4068 | D:5      | 4068 ||| Stepping ~*~*~tactically~*~*~ (outnumbered).
  4070 | D:5      | 4070 ||| Stepping ~*~*~tactically~*~*~ (outnumbered).
  4074 | D:5      | Reached skill level 8 in Ranged Weapons
  4114 | D:5      | 4114 ||| FLEEEEING.
  4115 | D:5      | 4115 ||| STAIRDANCE
  4280 | D:5      | Noticed Blork the orc
  4295 | D:5      | Killed Blork the orc
  4473 | D:5      | Noticed Pikel
  4503 | D:5      | HP: 12/49 [Pikel/+1 whip of freezing (4)]
  4511 | D:5      | HP: 4/49 [Pikel/+1 whip of freezing (5)]
  4511 | D:5      | HP: 1/49 [Pikel/+1 whip of freezing (3)]
  4520 | D:5      | HP: 1/49 [Pikel/+1 whip of freezing (2)]
  4520 | D:5      | Slain by Pikel

Levels and vault maps discovered:
D:1:      heliophobic_arrival_enchanted_forest, layout_rooms
D:2:      layout_loops_cross, basic_altar, uniq_natasha, uniq_jessica
D:3:      gammafunk_steamed_eel, layout_loops_cross,
          grunt_temple_overflow_magic_moments
D:4:      minmay_goblin_kobold_castle, layout_rooms, kennysheep_mini_moat,
          mainiacjoe_overflow_cross_hatched, serial_shops, shop
D:5:      layout_basic, minitemple, chequers_serial_rivers_room_b,
          minmay_misc_feat_more_columns, grunt_ministairs_6,
          nicolae_stop_n_shop_2, uniq_blork_the_orc, uniq_ijyb, uniq_pikel

Skill      XL: |  1  2  3  4  5  6  7  8 |
---------------+-------------------------+-----
Ranged Weapons | 3 4 5 6 7 8 |  8.3
Fighting       | 2 3 4 5 |  5.1
Dodging        | 2 |  2.0
Spellcasting   | |  1.0
Hexes          | |  2.6

Action                     |  1- 3 |  4- 6 |  7- 9 || total
---------------------------+-------+-------+-------++-------
   Fire: Sling             |   113 |   238 |   368 ||   719
    Use: Scroll            |     3 |     2 |     3 ||     8
         Potion            |       |       |     2 ||     2
 Armour: Robe              |    11 |    54 |    97 ||   162
  Dodge: Dodged            |    31 |   110 |   140 ||   281

Table legend:
 A = Non-vault XP
 B = Vault XP
 C = Vault XP percentage of total XP
 D = Non-vault monster count
 E = Vault monster count
 F = Vault count percentage of total count
                 A         B        C        D         E       F
            +---------+---------+-------+---------+---------+-------
      Total |     715 |     829 |  53.7 |      84 |      56 |  40.0
            +---------+---------+-------+---------+---------+-------
        D:1 |      67 |       0 |   0.0 |      28 |       0 |   0.0
        D:2 |     129 |      72 |  35.8 |      17 |       2 |  10.5
        D:3 |      34 |       0 |   0.0 |      14 |       0 |   0.0
        D:4 |     307 |     565 |  64.8 |      19 |      47 |  71.2
        D:5 |     178 |     192 |  51.9 |       6 |       7 |  53.8
            +---------+---------+-------+---------+---------+-------
